Yev-Ruu, chaotic female vampiric Convict ----------- ----- --------------- #..........| ----- |...| ------- |..............# |%.........####### |...| |{>.| ##..r.r.| |.............| ##%#.......<..| # |...-####....| # |.rrr.| |..........%..-###### # -.--.------ ##..... #.%..-#######-.0@r.| ----------.---- ### # # ---.- #-----# # --r---- ##### # #### #################### ## # # ### # # # % ### #### ## # ### # # # ### ----|-# # # -------%- ############################-....|# ### --.----- |........#####-----------.--- |....|# # |...{..| |.......| |.............| |....-# ##.......| |.......-### |.............| |....| |......| --------- # |+............| ------ -------- ###|.............| #..............| --------------- Yev-Ruu the Jail-bird Experience level: 6 Strength: 13 Dexterity: 15 Constitution: 17 Intelligence: 13 Wisdom: 5 Charisma: 9 Health: 0(56) Energy: 30(30) AC: 0 Gold: 395 Moves: 2752 Your Inventory: Coins $ - 395 gold pieces Armor b - a cursed +0 striped shirt (being worn) t - an [uncursed] +0 dwarvish mithril-coat (being worn) u - an [uncursed] +0 hard hat [dwarvish iron helm] (being worn) v - an [uncursed] +0 large round shield [dwarvish roundshield] (being worn) z - an [uncursed +0] mummy wrapping Wands A - an [uncursed] wand of slow monster [0:4] Tools d - an uncursed blindfold l - an [uncursed tallow] candle s - an [uncursed] credit card Gems f - an [uncursed] violet gem [worthless glass] g - an [uncursed] yellowish brown gem [worthless glass] k - 2 [uncursed] yellow gems [worthless glass] m - an [uncursed] green gem [worthless glass] q - an [uncursed] red gem [garnet] Iron balls c - an uncursed heavy iron ball (chained to you) (weapon in hand) Spells known in the end: Name Level Category Fail Memory a - finger of death 7 attack 100% [||||||||] Your skills at the end: Fighting Skills Weapon Skills sling [Basic / Skilled] Spellcasting Skills Final Attributes: You were piously aligned. Hunger level was -7. Your alignment was 22 / 23. Monster difficulty range was 0 - 4. Level difficulty was 3. You were immune to level-drain. You were immune to sickness. You were punished. You could fly. You could survive without air. You regenerated. You were unlucky (-3). Tymora was angry with you (1). You are dead. Vanquished creatures: a leprechaun a rock mole a gnome lord a kobold mummy a floating eye 3 dwarves 2 rothes an orc zombie 2 dwarf zombies an acid blob a coyote a hobbit a brown mold a green mold a red mold 10 gnomes a gnome zombie 4 geckos 6 jackals 2 goblins 2 sewer rats 3 grid bugs 4 lichens 2 newts 53 creatures vanquished. Voluntary challenges: You went without food. You never hit with a wielded weapon. You read items or engraved 2 times. You put on armor 7 times. You never genocided any monsters. You never polymorphed an object. You never changed form. You used no wishes. You abstained from Elbereth's help. You never encountered a bones level. You never used any Sokoban shortcuts. Dungeon overview: The Dungeons of Doom: levels 1 to 4 Level 1 a long staircase Level 2 stairs to The Gnomish Mines Level 3 <- You were here some fountains The Gnomish Mines: Level 3 stairs to The Dungeons of Doom History has recorded: On T:1 you entered the Dungeons of Doom to retrieve the Amulet of Yendor! On T:330 you reached level 2 of The Dungeons of Doom. On T:773 you advanced to experience level 2. On T:975 you advanced to experience level 3. On T:1175 you reached level 1 of The Gnomish Mines. On T:1195 you advanced to experience level 4. On T:1248 you advanced to experience level 5. On T:1500 you reached level 3 of The Dungeons of Doom. On T:1712 you advanced to experience level 6. On T:2112 you reached level 4 of The Dungeons of Doom. Latest messages: [HP-2=15] The sewer rat bites! The sewer rat misses. (2x) The giant rat bites! The wererat summons help! The wererat bites! [HP-4=11] The sewer rat bites! (3x) The giant rat bites! The wererat bites! You finish your prayer. The voice of Tymora thunders: "Thou art arrogant, mortal." "Thou must relearn thy lessons!" You feel foolish! [HP-6=5] [3 turns] You begin praying to Tymora. The sewer rat misses. (2x) The sewer rat bites! The wererat bites! You die... Final status: Goodbye Yev-Ruu the Convict... You died in The Dungeons of Doom on dungeon level 3 with 550 points, and 395 pieces of gold, after 2752 moves. You were level 6 with a maximum of 56 hit points when you died.